 Dungeon Crawl Stone Soup version 0.20.1-1-g8b1a95d (webtiles) character file.

4432 equalderp2856 the Cleaver (level 10, -4/129 HPs)
             Began as a Minotaur Fighter on Aug 12, 2017.
             Slain by a wolf (8 damage)
             ... on level 1 of the Lair of Beasts.
             The game lasted 00:24:20 (11269 turns).

equalderp2856 the Cleaver (Minotaur Fighter)       Turns: 11269, Time: 00:24:21

Health: -4/129     AC: 12    Str: 25    XL:     10   Next: 14%
Magic:  9/9        EV:  9    Int:  6    God:
Gold:   349        SH: 11    Dex: 13    Spells: 5/9 levels left

rFire    . . .     SeeInvis .   a - +0 war axe
rCold    . . .     Gourm    .   c - +0 shield
rNeg     . . .     Faith    .   W - +0 chain mail
rPois    .         Spirit   .   (helmet restricted)
rElec    .         Reflect  .   (no cloak)
rCorr    .         Harm     .   (no gloves)
MR       .....                  I - +0 pair of boots
Stlth    ..........             (no amulet)
Regen    0.4/turn               (no ring)
MPRegen  0.2/turn               (no ring)

@: berserking, very quick
A: retaliatory headbutt, horns 2
a: no special abilities


You were on level 1 of the Lair of Beasts.
You were near starving.

You visited 2 branches of the dungeon, and saw 9 of its levels.

You collected 349 gold pieces.

Inventory:

Hand Weapons
 a - a +0 war axe (weapon)
 v - a +0 shortbow
 x - a +0 hunting sling
 L - a +0 hand crossbow
 T - a +0 blowgun
Missiles
 m - 250 stones (quivered)
 o - 23 sling bullets
Armour
 c - a +0 shield (worn)
 D - a +0 buckler
 I - a +0 pair of boots (worn)
 W - a +0 chain mail (worn)
Jewellery
 j - a cursed ring of loudness {unknown}
 K - an uncursed ring of positive energy {unknown}
 X - an uncursed ring of poison resistance {unknown}
Wands
 b - a wand of confusion (38/48)
 n - a wand of iceblast (7/15)
 Z - a wand of confusion (12/48)
Scrolls
 d - 3 scrolls of remove curse {unknown}
 e - a scroll of blinking {unknown}
 i - 7 scrolls of identify {unknown}
 k - 3 scrolls of teleportation
 l - a scroll of recharging {unknown}
 s - 3 scrolls of magic mapping {unknown}
 y - a scroll of noise {unknown}
 z - a scroll of fear {unknown}
 B - 4 scrolls of enchant armour {unknown}
 F - 2 scrolls of immolation {unknown}
 M - 2 scrolls of amnesia {unknown}
 S - a scroll of brand weapon {unknown}
 U - a scroll of fog {unknown}
Potions
 g - 2 potions of degeneration {unknown}
 p - 2 potions of berserk rage
 q - 3 potions of heal wounds {unknown}
 r - a potion of brilliance {unknown}
 u - 3 potions of curing {unknown}
 w - a potion of lignification {unknown}
 A - 2 potions of haste {unknown}
 H - 3 potions of agility
 J - a potion of might
 Y - 2 potions of flight {unknown}
Books
 P - a book of Minor Magic

   Spells                             Type                      Level
   a - Magic Dart                     Conjuration                  1
   b - Blink                          Translocation                2
   c - Call Imp                       Summoning                    2
   d - Slow                           Hexes                        2
   e - Conjure Flame                  Conjuration/Fire             3
   f - Mephitic Cloud                 Conjuration/Poison/Air       3
Comestibles
 f - 6 bread rations
 h - a royal jelly
 t - 4 meat rations
 G - 6 fruits


   Skills:
 + Level 7.0 Fighting
 + Level 9.0 Axes
 * Level 8.0 Slings
 + Level 8.2 Armour
 + Level 3.6 Dodging
 + Level 2.1 Stealth
 + Level 7.5 Shields


You had 5 spell levels left.
You knew the following spells:

 Your Spells              Type           Power        Failure   Level  Hunger
a - Blink                 Tloc           N/A          100%        2    ###....
b - Slow                  Hex            #.......     100%        2    ###....


Dungeon Overview and Level Annotations

Branches:
Dungeon (8/15)             Temple (0/1) D:6            Lair (1/6) D:8

Altars:
Cheibriados
Dithmenos
Elyvilon
Okawaru
Sif Muna
Uskayaw
The Shining One

Shops:
D:7 [

Annotations:
D:3 Sigmund
D:6 Monsterracer's ghost, novice MfTm
D:8 2 runed doors


Innate Abilities, Weirdness & Mutations

You reflexively headbutt those who attack you in melee.
You have a pair of horns on your head.


Message History

The wolf barely misses you.
Unknown command.
It was a potion of berserk rage.
A red film seems to cover your vision as you go berserk!
You feel yourself moving faster!
You feel mighty! The wolf bites you but does no damage.
You block the wolf's attack. The wolf bites you but does no damage.
The wolf bites you.
* * * LOW HITPOINT WARNING * * *
You are too berserk!
You hit the wolf.
The wolf is heavily wounded.
You slash the wolf! You miss the wolf. The wolf completely misses you.
The wolf bites you!
* * * LOW HITPOINT WARNING * * *
The wolf bites you!
* * * LOW HITPOINT WARNING * * *
You slice the wolf!!
You kill the wolf!
You hit the wolf. x2; The wolf bites you!
You die...

#P #... #.. ...
#.# ###.#
P..###...## #
....#.....#P#.##
##....<.......
#............#
##hh......#...
#@†(.........
#$†.(........
#........$.#.
......((....#
..♣P......(...
#.♣P≈≈........
## ♣≈≈.......
≈≈≈......


You could see 2 wolves.

Vanquished Creatures
  Pikel (D:5)
  An elephant (D:8)
  A hornet (D:7)
  Prince Ribbit (D:6)
  A hippogriff (Lair:1)
  A wyvern (D:8)
  An orc warrior (D:7)
  A sky beast (D:8)
  An ice beast (D:6)
  2 black bears (D:8)
  2 centaurs
  An ogre (D:7)
  4 wolves (Lair:1)
  2 crocodiles (D:8)
  A big kobold (D:5)
  3 bullfrogs
  3 killer bees (D:6)
  2 howler monkeys
  6 crimson imps
  5 orc priests
  6 hounds
  A jelly (D:8)
  A centaur skeleton (D:7)
  2 iguanas
  Jessica (D:2)
  A bullfrog skeleton (D:4)
  3 orc wizards
  7 worker ants
  Terence (D:3)
  8 gnolls
  11 adders
  4 oozes
  2 adder zombies (D:6)
  3 adder skeletons
  3 worms
  2 dart slugs
  6 leopard geckos
  19 orcs
  4 giant cockroaches
  6 goblins
  8 hobgoblins
  12 jackals
  10 kobolds
  2 quokkas (D:5)
  4 bats
  3 frilled lizards
  2 leopard gecko skeletons
  5 rats
177 creatures vanquished.

Vanquished Creatures (others)
  Blork the orc (D:5)
  A worker ant zombie (D:5)
  An ooze (D:5)
3 creatures vanquished.

Grand Total: 180 creatures vanquished

Notes
Turn   | Place    | Note
-------+----------+-------------------------------------------
     0 | D:1      | equalderp2856 the Minotaur Fighter began the quest for the Orb.
     0 | D:1      | Reached XP level 1. HP: 19/19 MP: 0/0
   465 | D:1      | Reached XP level 2. HP: 21/27 MP: 1/1
  1123 | D:2      | Found an iron altar of Okawaru.
  1128 | D:2      | Reached XP level 3. HP: 21/33 MP: 2/2
  1137 | D:2      | Found a deep blue altar of Sif Muna.
  1151 | D:2      | Found a snail-covered altar of Cheibriados.
  1154 | D:2      | Found a shadowy altar of Dithmenos.
  1200 | D:2      | Noticed Terence
  1445 | D:3      | Reached skill level 3 in Axes
  1916 | D:4      | Reached XP level 4. HP: 36/40 MP: 3/3
  1963 | D:4      | Noticed a centaur
  1971 | D:4      | Killed a centaur
  1971 | D:4      | Reached skill level 1 in Dodging
  1971 | D:4      | Reached XP level 5. HP: 17/46 MP: 4/4
  1973 | D:4      | Reached skill level 5 in Armour
  2285 | D:4      | Reached skill level 4 in Axes
  2285 | D:4      | Reached skill level 5 in Shields
  2366 | D:4      | Reached XP level 6. HP: 49/52 MP: 5/5
  2730 | D:3      | Noticed Sigmund
  2811 | D:3      | Killed Terence
  2811 | D:3      | Reached skill level 1 in Slings
  2811 | D:3      | Reached skill level 1 in Stealth
  3575 | D:2      | Noticed Jessica
  3583 | D:2      | Killed Jessica
  3825 | D:2      | Reached skill level 5 in Axes
  4096 | D:5      | Entered Level 5 of the Dungeon
  4098 | D:5      | Noticed Pikel
  4099 | D:5      | Noticed a slave
  4099 | D:5      | Noticed a slave
  4099 | D:5      | Noticed a slave
  4101 | D:5      | Noticed a slave
  4119 | D:5      | Killed Pikel
  4119 | D:5      | Reached skill level 6 in Axes
  4119 | D:5      | Reached XP level 7. HP: 28/60 MP: 6/6
  4185 | D:5      | Killed Blork the orc
  4623 | D:5      | Reached skill level 5 in Fighting
  4837 | D:5      | Reached XP level 8. HP: 66/68 MP: 7/7
  5145 | D:5      | Found a hide-covered altar of Uskayaw.
  5354 | D:6      | Noticed Prince Ribbit
  5369 | D:6      | Killed Prince Ribbit
  5369 | D:6      | Reached skill level 7 in Axes
  5928 | D:6      | Got a shimmering leather armour
  6263 | D:6      | Found a white marble altar of Elyvilon.
  6419 | D:6      | Found a staircase to the Ecumenical Temple.
  6450 | D:6      | Noticed Monsterracer's ghost (novice MfTm)
  6746 | D:7      | Reached skill level 8 in Axes
  6837 | D:7      | Reached XP level 9. HP: 44/75 MP: 8/8
  7091 | D:7      | Found Toeda's Antique Armour Emporium.
  7150 | D:7      | Found a glowing golden altar of the Shining One.
  7770 | D:7      | Paralysed by a hornet for 3 turns
  7778 | D:7      | Paralysed by a hornet for 1 turns
  8157 | D:7      | Reached skill level 5 in Slings
  8246 | D:7      | Learned a level 2 spell: Blink
  8249 | D:7      | Learned a level 2 spell: Slow
  8626 | D:7      | Identified the +1 leather armour of Eternal Vigilance {*Corrode Str+7} (You found it on level 6 of the Dungeon)
  9579 | D:8      | Noticed a death yak
  9602 | D:8      | Noticed an elephant
  9604 | D:8      | Found a staircase to the Lair.
 10194 | D:8      | Killed an elephant
 10541 | D:8      | Reached XP level 10. HP: 79/84 MP: 9/9
 10841 | D:8      | Noticed a two-headed ogre
 11203 | D:8      | Found a runed door.
 11203 | D:8      | Found a runed door.
 11244 | Lair:1   | Entered Level 1 of the Lair of Beasts
 11264 | Lair:1   | Reached skill level 9 in Axes
 11268 | Lair:1   | HP: 4/129 [wolf (7)]
 11269 | Lair:1   | Slain by a wolf

Skill      XL: |  1  2  3  4  5  6  7  8  9 10 |
---------------+-------------------------------+-----
Armour         | 4 5 6 7 8 |  8.2
Fighting       | 4 5 6 7 |  7.0
Shields        | 4 5 6 7 |  7.5
Axes           | 3 4 6 8 9 |  9.0
Dodging        | 1 2 3 |  3.6
Slings         | 2 3 4 7 8 |  8.0
Stealth        | 1 2 |  2.1

Action                   |  1- 3 |  4- 6 |  7- 9 | 10-12 || total
-------------------------+-------+-------+-------+-------++-------
Melee: War axe           |    97 |   113 |   283 |    16 ||   509
       Headbutt          |    12 |    20 |    57 |     4 ||    93
 Fire: Hunting sling     |       |     3 |   156 |    20 ||   179
Evoke: Wand              |       |       |     1 |       ||     1
  Use: Potion            |       |     1 |       |     1 ||     2
       Scroll            |       |       |       |     2 ||     2
 Stab: Confused          |       |       |     1 |       ||     1
  Eat: Chunk             |     3 |     6 |    20 |     1 ||    30
       Fruit             |       |       |     1 |       ||     1
Armor: Scale mail        |    47 |    50 |    82 |       ||   179
       Chain mail        |       |       |    52 |    24 ||    76
Dodge: Dodged            |    36 |    26 |   119 |    18 ||   199
Block: Shield            |    50 |    52 |   191 |    30 ||   323
